 Dungeon Crawl Stone Soup version 0.32-a0-86-g8db1b9f803 (webtiles) character file.

Game seed: 8633831478808415415

35 cforsyth the Magician (level 3, -2/29 HPs)
             Began as a Djinni Warper on Feb 5, 2024.
             Killed by nerve-wracking pain
             ... invoked by Jessica
              (7 damage)
             ... on level 2 of the Dungeon.
             The game lasted 00:01:09 (1167 turns).

cforsyth the Magician (Djinni Warper)               Turns: 1167, Time: 00:01:10

Health: -2/29      AC:  3    Str: 10    XL:     3   Next: 52%
Gold:   132        EV: 11    Int: 16    God:
                   SH:  0    Dex: 12

rFire   + + .        a - +0 falchion
rCold   x . .        (no shield)
rNeg    . . .        b - +0 leather armour
rPois   ∞            (no helmet)
rElec   .            (no cloak)
rCorr   .            (no gloves)
SInv    .            (boots unavailable)
Will    .....        (no amulet)
Stlth   +            (no ring)
HPRegen 0.24/turn    (no ring)
MPRegen 0.00/turn

%: infuse magic (-3 HP)
@: on blink cooldown, flying
A: sickness immunity, fire resistance 2, cold vulnerability 1, float, innate
caster, HP casting, extra vitality 1
a: no special abilities


You were on level 2 of the Dungeon.
You visited 1 branch of the dungeon, and saw 2 of its levels.

You collected 132 gold pieces.

Inventory:

Hand Weapons
 a - a +0 falchion (weapon)
Missiles
 d - 7 darts of dispersal (quivered)
 g - 3 atropa-tipped darts
Armour
 b - a +0 leather armour (worn)
Scrolls
 c - a scroll of blinking
 e - a scroll of revelation {unknown}
 f - 2 scrolls of identify {unknown}
 l - 2 scrolls of immolation {unknown}
 m - a scroll of vulnerability {unknown}
Potions
 h - 2 potions of mutation {unknown}
 i - a potion of curing {unknown}
 j - a potion of might {unknown}
 k - a potion of haste {unknown}


   Skills:
 + Level 2.9 Fighting
 - Level 1.7 Long Blades
 - Level 0.7 Throwing
 - Level 1.0 Armour
 - Level 2.1 Dodging
 + Level 3.3 Spellcasting
 + Level 3.3 Conjurations
 + Level 3.3 Hexes
 + Level 3.3 Summonings
 + Level 3.3 Necromancy
 + Level 3.3 Translocations
 + Level 3.3 Fire Magic
 + Level 3.3 Ice Magic
 + Level 3.3 Air Magic
 + Level 3.3 Earth Magic
 + Level 3.3 Alchemy


You knew the following spells:

 Your Spells              Type           Power      Damage    Failure   Level
a - Blink                 Tloc           26%        N/A       10%         2
b - Lesser Beckoning      Tloc           26%        N/A       10%         2
c - Teleport Other        Tloc           13%        N/A       19%         3
d - Manifold Assault      Tloc           13%        N/A       52%         4
e - Vhi's Electric Charg  Tloc/Air       26%        N/A       52%         4
f - Slow                  Hex            52%        N/A       6%          1
Your spell library was empty.

Dungeon Overview and Level Annotations

Branches:
Dungeon (2/15)

Altars:

Annotations:
D:2 Jessica


Innate Abilities, Weirdness & Mutations

You are immune to sickness and miasma.
You are immune to poison.
Your flesh is very heat resistant. (rF++)
You are vulnerable to cold. (rC-)
You float through the air rather than walking.
You learn spells naturally, not from books.
Your magical power is your life essence.
You have superior vitality. (+4 MHP)


Message History

The iguana completely misses you.
You hit the iguana.
The iguana is heavily wounded.
The iguana bites you.
You closely miss the iguana.
The iguana is heavily wounded.
The iguana bites you but does no damage.
The iguana barely misses you.
You hit the iguana.
The iguana is severely wounded.
The iguana bites you!
* * * LOW HITPOINT WARNING * * *
You are too injured to fight recklessly!
You are too injured to fight recklessly!
You are too injured to fight recklessly!
You are too injured to fight recklessly!
You are too injured to fight recklessly!
You hit the iguana but do no damage.
The iguana is severely wounded.
The iguana bites you.
* * * LOW HITPOINT WARNING * * *
Cast which spell? (? or * to list)
You blink.
Found a scroll labelled GOT TIKADEG.
* * * LOW HITPOINT WARNING * * *
The iguana hisses menacingly.
You feel ready to blink again.
Found 9 gold pieces.
Found a scroll labelled RORUIGR GEADELA.
Found a lumpy ruby potion.
Jessica the Apprentice Sorceress comes into view.
She is wielding a +0 club.
Found 9 gold pieces.
Found a scroll labelled GOT TIKADEG.
Found a stone staircase leading down.
You see here 9 gold pieces.
Casting: Blink (safe; 10% risk of failure)
Confirm with . or Enter, or press ? or * to list all spells.
You blink.
Found a ring mail.
* * * LOW HITPOINT WARNING * * *
Jessica gestures at you while chanting. Pain shoots through your body!
You die...

#### #
#...######.##
#...........#
#......@....#
#.....$.....#
#.....@.....#
####.........#
#.....!......#.
#...........?>.
#?....l.........
##....§$##....[.
##......##.....


You could see an iguana and Jessica.

Vanquished Creatures
  A dart slug (D:1)
  2 bats (D:1)
  5 endoplasms (D:1)
  4 giant cockroaches
  4 goblins (D:1)
  2 hobgoblins (D:1)
  5 ball pythons
  A frilled lizard (D:1)
  4 kobolds
  A rat (D:1)
29 creatures vanquished.

Notes
Turn   | Place    | Note
-------+----------+-------------------------------------------
     0 | D:1      | cforsyth the Djinni Warper began the quest for the Orb.
     0 | D:1      | cforsyth set off with the following spells memorised:
                  | Blink, Lesser Beckoning, Teleport Other, Manifold Assault,
                  | Vhi's Electric Charge.
     0 | D:1      | Reached XP level 1. HP: 18/18 MP: 0/0
    84 | D:1      | Reached XP level 2. HP: 23/23 MP: 0/0
   417 | D:1      | Reached XP level 3. HP: 28/29 MP: 0/0
   417 | D:1      | Learned a level 1 spell: Slow
  1163 | D:2      | Noticed Jessica
  1167 | D:2      | Killed from afar by Jessica

Illustrated notes

Levels and vault maps discovered:
D:1:      dpeg_arrival_arbitrary_c, layout_basic
D:2:      layout_basic, kennysheep_path_1, uniq_jessica

Skill      XL: |  1 |
---------------+----+-----
Spellcasting   | 3 |  3.3
Conjurations   | 3 |  3.3
Hexes          | 3 |  3.3
Summonings     | 3 |  3.3
Necromancy     | 3 |  3.3
Translocations | 3 |  3.3
Fire Magic     | 3 |  3.3
Ice Magic      | 3 |  3.3
Air Magic      | 3 |  3.3
Earth Magic    | 3 |  3.3
Alchemy        | 3 |  3.3
Fighting       | |  2.9
Long Blades    | |  1.7
Throwing       | |  0.7
Armour         | |  1.0
Dodging        | |  2.1

Action                     || total
---------------------------++-------
  Melee: Falchion          ||    92
   Cast: Blink             ||     2
 Armour: Leather armour    ||    51
  Dodge: Dodged            ||    51

Table legend: (Time is in decaauts)
 A = Elapsed time spent in this place.
 B = Non-inter-level travel time spent in this place.
 C = Inter-level travel time spent in this place.
 D = Time resting spent in this place.
 E = Time spent auto-exploring this place.
 F = Levels seen in this place.
 G = Mean time per level.
                   A        B        C        D        E       F      G
               +--------+--------+--------+--------+--------+-----+--------+
         Total |   1186 |   1164 |     22 |      0 |    936 |   2 |  593.0 |
       Dungeon |   1186 |   1164 |     22 |      0 |    936 |   2 |  593.0 |
               +--------+--------+--------+--------+--------+-----+--------+

Top non-repeatable levels by time:
     D:1: 931 daAuts
     D:2: 255 daAuts
